 Dungeon Crawl Stone Soup version 0.29.1-15-g9cfb28693d (webtiles) character file.

Game seed: 16070906108471536922

70 booth the Cudgeller (level 4, -21/29 HPs)
             Began as a Gargoyle Monk on Feb 22, 2023.
             Killed by an exploding kobold (31 damage)
             ... ignited by their inner flame
             ... on level 2 of the Dungeon.
             The game lasted 00:11:23 (2224 turns).

booth the Cudgeller (Gargoyle Monk)                 Turns: 2224, Time: 00:11:24

Health: -21/29     AC:  5    Str: 17    XL:     4   Next: 21%
Magic:  4/4        EV: 12    Int: 10    God:
Gold:   93         SH:  0    Dex: 12    Spells: 3/3 levels left

rFire   . . .      SeeInvis .   a - +0 mace
rCold   + . .      Faith    .   (no shield)
rNeg    + . .      Spirit   .   q - +0 robe {rC+}
rPois   ∞          Reflect  .   (no helmet)
rElec   +          Harm     .   (no cloak)
rCorr   +          Rampage  .   (no gloves)
Will    +....                   (no boots)
Stlth   ++........              (no amulet)
HPRegen 0.09/turn               o - ring of resist corrosion
MPRegen 0.09/turn               k - ring of willpower

@: no status effects
A: sickness immunity, AC +3, negative energy resistance 1, electricity
resistance, torment resistance 1, petrification resistance
a: no special abilities


You were on level 2 of the Dungeon.
You visited 1 branch of the dungeon, and saw 2 of its levels.

You collected 93 gold pieces.

Inventory:

Hand Weapons
 a - a +0 mace (weapon)
Missiles
 g - 2 poisoned darts (quivered)
 n - 4 datura-tipped darts
Armour
 d - a +0 leather armour
 q - a +0 robe of cold resistance (worn)
Jewellery
 k - a ring of willpower (right hand)
 l - a +4 ring of protection
 o - a ring of resist corrosion (left hand)
Scrolls
 m - a scroll of teleportation {unknown}
Potions
 c - a potion of ambrosia
 f - 2 potions of mutation
 h - a potion of lignification {unknown}
 j - a potion of degeneration {unknown}
 p - a potion of curing


   Skills:
 + Level 3.8 Fighting
 + Level 3.9 Maces & Flails
 + Level 0.2 Throwing
 + Level 3.0 Dodging
 + Level 2.3 Stealth


You had 3 spell levels left.
You didn't know any spells.
Your spell library was empty.

Dungeon Overview and Level Annotations

Branches:
Dungeon (2/15)

Altars:
Zin


Innate Abilities, Weirdness & Mutations

You are immune to sickness and miasma.
Your stone body is resilient. (AC +3)
You are immune to poison.
You resist negative energy. (rN+)
You are resistant to electric shocks. (rElec)
You are resistant to unholy torment.
You are immune to petrification.


Message History

The quokka closely misses you.
You closely miss the quokka.
The quokka is almost dead.
The quokka completely misses you. The quokka barely misses you.
You closely miss the quokka.
The quokka is almost dead.
The kobold drinks a potion.
The kobold seems to grow stronger.
The quokka closely misses you.
You closely miss the quokka.
The quokka is almost dead.
The quokka barely misses you. x2
You hit the quokka but do no damage.
The quokka is almost dead.
The quokka closely misses you.
You hit the quokka but do no damage.
The quokka is almost dead.
The quokka bites you.
You hit the quokka.
You kill the quokka!
You closely miss the kobold. The kobold hits you with a +0 whip.
You closely miss the kobold. The kobold hits you with a +0 whip!
The kobold hits you but does no damage.
You miss the kobold. The kobold hits you with a +0 whip.
Okay, then.
As you read the scroll labelled ZOINKU EPI, it crumbles to dust.
The creatures around you are filled with an inner flame!
It was a scroll of immolation.
The kobold hits you but does no damage. The kobold attacks as you move away!
The kobold barely misses you. The kobold attacks as you move away!
The kobold misses you.
Throw: 3 darts (poison)
Press: ? - help, Q - select action, (/) - cycle Shift-Dir - straight line, f - kobold
Aim: a kobold, wielding a +0 whip and wearing a +0 robe (inner flame, strong, 50% to hit)
You throw a poisoned dart. The poisoned dart hits the kobold.
The kobold is poisoned.
The kobold hits you with a +0 whip.
You hit the kobold.
The kobold explodes!
The fiery explosion engulfs the adder!!
The fiery explosion engulfs you!!
Ouch! That really hurt!
You die...

### #######.# #.......#
#.#####.# #.# #.# #########
#.# #.# . #.......# #.# #.#
..#.......##########.#.# #.#
..........>...§§@....#.# #.#
#........###########.#####.#
#........######## #....<#.#
#.....S.........##########.#
..........................†..#
........##........############
........+.............
........##.###########
##......##.#


There were no monsters in sight!

Vanquished Creatures
  A gnoll (D:1)
  2 adders (D:2)
  A dart slug (D:1)
  A bat (D:1)
  3 endoplasms (D:1)
  4 giant cockroaches (D:1)
  5 goblins (D:1)
  4 hobgoblins
  4 jackals (D:1)
  10 quokkas
  A ball python (D:1)
  A frilled lizard (D:1)
  3 kobolds
  2 rats (D:1)
42 creatures vanquished.

Notes
Turn   | Place    | Note
-------+----------+-------------------------------------------
     0 | D:1      | booth the Gargoyle Monk began the quest for the Orb.
     0 | D:1      | Reached XP level 1. HP: 14/14 MP: 1/1
    26 | D:1      | Found a glowing silver altar of Zin.
   652 | D:1      | Reached XP level 2. HP: 17/19 MP: 2/2
  1034 | D:1      | Reached XP level 3. HP: 20/23 MP: 3/3
  1907 | D:1      | Reached XP level 4. HP: 29/29 MP: 4/4
  2224 | D:2      | Killed by an exploding kobold... ignited by their inner
                  | flame

Illustrated notes

Levels and vault maps discovered:
D:1:      dpeg_arrival_water_altar, layout_basic, minmay_pentomino_u4
D:2:      cheibrodos_fertilizer, layout_basic

Skill      XL: |  1  2  3 |
---------------+----------+-----
Dodging        | 3 |  3.0
Fighting       | |  3.8
Maces & Flails | |  3.9
Throwing       | |  0.2
Stealth        | |  2.3

Action                   |  1- 3 |  4- 6 || total
-------------------------+-------+-------++-------
Melee: Mace              |   156 |    19 ||   175
       Punch             |     2 |       ||     2
Throw: Dart              |    24 |     4 ||    28
  Use: Scroll            |       |     3 ||     3
 Stab: Sleeping          |     1 |       ||     1
Armor: Robe              |    50 |     4 ||    54
Dodge: Dodged            |   102 |    13 ||   115
